 Dungeon Crawl Stone Soup version 0.31-a0-1425-g903e00c (webtiles) character file.

Game seed: 17841853176876329868

1744200 PublicAnimeNo1 the Slayer (level 26, 291/291 HPs)
             Began as an Oni Shapeshifter on Dec 24, 2023.
             Was an Initiate of Gozag.
             Escaped with the Orb
             ... and 3 runes on Dec 26, 2023!
             The game lasted 03:16:09 (61127 turns).

PublicAnimeNo1 the Slayer (Oni Shapeshifter)       Turns: 61127, Time: 03:16:09

Health: 291/291    AC: 27    Str: 29      XL:     26   Next: 74%
Magic:  11/11      EV: 21    Int: 13 (17) God:    Gozag
Gold:   1248       SH: 30    Dex:  8      Spells: 30/41 levels left

rFire   . . .        b - +5 demon whip "Spellbinder" {antimagic, disrupt, Will+}
rCold   . . .        J - +10 tower shield of Ignorance {rN+ Int-4}
rNeg    + + +        r - +7 pearl dragon scales of Exclusion {rPois rN+ Int+6}
rPois   +            B - +0 mask of the Dragon {Will+ Slay+3 SInv}
rElec   .            M - +1 cloak of Gravity {Will+ Int+2 Stlth+}
rCorr   .            (gloves unavailable)
SInv    +            (boots unavailable)
Will    +++++        F - amulet of Vitality {RegenMP++ Regen++} Stlth
                     Y - ring of Gistruar {*Corrode rN+ Will++ EV+5}
HPRegen 2.28/turn    O - +5 ring of evasion
MPRegen 0.92/turn

%: corrode self (3%), clarity
@: studying Maces & Flails
A: large, unfitting armour, horns 1, tough skin 1, double potion healing,
drunken brawling, clarity, clumsy 1, subdued magic 1, inability to drink after
injury 2
0: Orb of Zot
}: 3/15 runes: barnacled, silver, gossamer
a: Renounce Religion, Potion Petition, Call Merchant, Bribe Branch


You escaped.
You worshipped Gozag.
Gozag was most pleased with you.
You visited 10 branches of the dungeon, and saw 48 of its levels.
You visited the Abyss 1 time.
You visited 2 bazaars.
You also visited: Gauntlet, Ice Cave, Volcano and Wizlab.

You collected 31100 gold pieces.
You spent 7734 gold pieces at shops.
You paid 22118 gold pieces to Gozag.

Inventory:

Hand Weapons
 a - the +8 mithril axe "Arga" {speed, Will+}
   (You bought it in a shop on level 8 of the Dungeon)

   Will+:     It increases your willpower.
 b - the +5 demon whip "Spellbinder" (weapon) {antimagic, disrupt, Will+}
   (You bought it in a shop on level 2 of the Orcish Mines)

   Will+:     It increases your willpower.
 t - the +3 Elemental Staff {ele, rElec rF+ rC+ AC+3}
   (You acquired it on level 5 of the Dungeon)

   AC+3:      It affects your AC (+3).
   rF+:       It protects you from fire.
   rC+:       It protects you from cold.
   rElec:     It insulates you from electricity.
Missiles
 c - 7 throwing nets
Armour
 r - the +7 pearl dragon scales of Exclusion (worn) {rPois rN+ Int+6}
   (You found it in a Gauntlet)

   Int+6:     It affects your intelligence (+6).
   rPois:     It protects you from poison rN+: It protects you from negative
   energy.
 B - the +0 mask of the Dragon (worn) {Will+ Slay+3 SInv}
   (You bought it in a shop on level 3 of the Depths)

   Slay+3:    It affects your accuracy & damage with ranged weapons and melee
   (+3).
   Will+:     It increases your willpower.
   SInv:      It lets you see invisible.
 J - the +10 tower shield of Ignorance (worn) {rN+ Int-4}
   (You found it on level 1 of the Orcish Mines)

   Int-4:     It affects your intelligence (-4).
   rN+:       It protects you from negative energy.
 M - the +1 cloak of Gravity (worn) {Will+ Int+2 Stlth+}
   (You acquired it on level 4 of the Vaults)

   Int+2:     It affects your intelligence (+2).
   Will+:     It increases your willpower.
   Stlth+:    It makes you more stealthy.
Jewellery
 f - a ring of see invisible
 p - the ring "Ricsoiha" {Wiz rN++ Str-3 Int+3}
   (You acquired it on level 5 of the Dungeon)

   [ring of wizardry]

   Wiz:       It improves your spell success rate.
   Str-3:     It affects your strength (-3).
   Int+3:     It affects your intelligence (+3).
   rN++:      It greatly protects you from negative energy.
 F - the amulet of Vitality (around neck) {RegenMP++ Regen++}
   (You found it in a Gauntlet)

   [amulet of magic regeneration]

   RegenMP:   It increases your rate of magic regeneration.
   Regen++:   It increases your rate of health regeneration.
 G - a +6 ring of strength
 O - a +5 ring of evasion (right hand)
 R - the ring of the Mpinguari {Fly Int+4}
   (You took it off an ironbound preserver on level 5 of the Vaults)

   [ring of flight]

   Int+4:     It affects your intelligence (+4).
   Fly:       It grants you flight.
 T - a ring of resist corrosion
 Y - the ring of Gistruar (left hand) {*Corrode rN+ Will++ EV+5}
   (You took it off an ironbound convoker on level 5 of the Vaults)

   [ring of evasion]

   EV+5:      It affects your evasion (+5).
   rN+:       It protects you from negative energy.
   Will++:    It greatly increases your willpower.
   *Corrode:  It may corrode you when you take damage.
 Z - a ring of flight
Wands
 i - a wand of flame (29)
 n - a wand of mindburst (23)
 s - a wand of iceblast (69)
 u - a wand of quicksilver (28)
 x - a wand of polymorph (13)
 C - a wand of digging (10)
 I - a wand of paralysis (39)
Scrolls
 h - 13 scrolls of vulnerability
 m - a scroll of enchant armour
 o - 7 scrolls of revelation
 v - a scroll of silence
 y - 27 scrolls of teleportation
 A - 8 scrolls of amnesia
 H - 5 scrolls of enchant weapon
 P - 9 scrolls of fear
 Q - 9 scrolls of fog
 S - 6 scrolls of blinking
 U - 3 scrolls of immolation
 V - a scroll of poison
Potions
 d - 8 potions of attraction
 e - 4 potions of haste
 g - 4 potions of mutation
 j - 3 potions of heal wounds
 k - 13 potions of curing
 l - 4 potions of invisibility
 q - 8 potions of resistance
 w - 8 potions of enlightenment
 z - 12 potions of ambrosia
 D - 9 potions of brilliance
 L - 3 potions of might
 N - 4 potions of magic
 W - 3 potions of berserk rage
 X - 4 potions of cancellation
Miscellaneous
 E - a phial of floods
 K - a phantom mirror


   Skills:
 - Level 22.1 Fighting
 - Level 2.1 Short Blades
 - Level 18.0 Axes
 - Level 12.0 Staves
 - Level 15.4 Armour
 + Level 16.0 Dodging
 * Level 20.6 Shields
 - Level 4.0 Unarmed Combat
 - Level 8.0 Spellcasting
 - Level 11.1 Summonings
 + Level 9.4 Necromancy
 + Level 14.2 Earth Magic
 - Level 10.0 Evocations
 - Level 4.8 Shapeshifting


You had 30 spell levels left.
You knew the following spells:

 Your Spells              Type           Power      Damage    Failure   Level
a - Animate Armour        Summ/Erth      58%        N/A       1%          4
b - Blink                 Tloc           8%         N/A       45%         2
c - Borgnjor's Vile Clut  Necr/Erth      13%        N/A       7%          5

Your spell library contained the following spells:

 Spells                   Type           Power      Damage    Failure   Level
 Call Imp                 Summ           52%        N/A       1%          2
 Sublimation of Blood     Necr           22%        N/A       1%          2
 Call Canine Familiar     Summ           26%        N/A       1%          3
 Fugue of the Fallen      Necr           22%        N/A       1%          3
 Passwall                 Alch/Erth      15%        N/A       2%          2
 Lee's Rapid Deconstruct  Erth           16%        3d10*     2%          5
 Dispel Undead            Necr           22%        3d12      7%          4
 Summon Guardian Golem    Hex/Summ       15%        N/A       10%         3
 Cigotuvi's Dreadful Rot  Necr/Alch/Air  20%        N/A       13%         2
 Leda's Liquefaction      Alch/Erth      9%         N/A       17%         4
 Petrify                  Alch/Erth      18%        N/A       17%         4
 Magic Dart               Conj           16%        1d3       32%         1
 Shock                    Conj/Air       16%        1d4       32%         1
 Sting                    Conj/Alch      16%        1d4       32%         1
 Summon Ice Beast         Ice/Summ       15%        N/A       32%         4
 Summon Lightning Spire   Summ/Air       15%        N/A       32%         4
 Ensorcelled Hibernation  Hex/Ice        8%         N/A       45%         2
 Lesser Beckoning         Tloc           8%         N/A       45%         2
 Mercury Vapours          Alch/Air       8%         N/A       45%         2
 Momentum Strike          Conj/Tloc      8%         3d8       45%         2
 Scorch                   Fire           8%         2d5       45%         2
 Static Discharge         Conj/Air       8%         3-4/arc   45%         2
 Anguish                  Hex/Necr       6%         N/A       45%         4
 Summon Cactus Giant      Summ           13%        N/A       47%         6
 Summon Forest            Summ/Tloc      7%         N/A       69%         5
 Summon Mana Viper        Hex/Summ       15%        N/A       69%         5
 Dazzling Flash           Conj/Hex       8%         N/A       71%         3
 Frozen Ramparts          Ice            8%         1d2       71%         3
 Gell's Gravitas          Tloc           4%         N/A       71%         3
 Hailstorm                Conj/Ice       4%         3d5       71%         3
 Mephitic Cloud           Conj/Alch/Air  4%         N/A       71%         3
 Sigil of Binding         Hex            4%         N/A       71%         3
 Swiftness                Air            4%         N/A       71%         3
 Teleport Other           Tloc           4%         N/A       71%         3
 Tukima's Dance           Hex            4%         N/A       71%         3
 Volatile Blastmotes      Fire/Tloc      8%         2d10      71%         3
 Death Channel            Necr           11%        N/A       73%         6
 Monstrous Menagerie      Summ           13%        N/A       97%         7
 Summon Hydra             Summ           13%        N/A       97%         7
 Airstrike                Air            2%         2d(1-17)  98%         4
 Cause Fear               Hex            2%         N/A       98%         4
 Dimensional Bullseye     Hex/Tloc       2%         N/A       98%         4
 Flame Wave               Conj/Fire      4%         2d5       98%         4
 Fulminant Prism          Conj/Alch      2%         3d5       98%         4
 Ignite Poison            Fire/Alch      4%         N/A       98%         4
 Iskenderun's Mystic Bla  Conj/Tloc      4%         2d3       98%         4
 Olgreb's Toxic Radiance  Alch           4%         N/A       98%         4
 Vhi's Electric Charge    Tloc/Air       8%         N/A       98%         4
 Alistair's Intoxication  Alch           2%         N/A       100%        5
 Arcjolt                  Conj/Air       2%         1d12      100%        5
 Fireball                 Conj/Fire      2%         3d4       100%        5
 Freezing Cloud           Conj/Ice/Air   2%         6-21      100%        5
 Metabolic Englaciation   Hex/Ice        2%         N/A       100%        5
 Silence                  Hex/Air        2%         N/A       100%        5
 Yara's Violent Unravell  Hex/Alch       2%         3d3       100%        5
 Eringya's Noxious Bog    Alch           2%         4d6       100%        6
 Plasma Beam              Fire/Air       2%         2x1d12    100%        6
 Starburst                Conj/Fire      2%         6d3       100%        6
 Malign Gateway           Summ/Tloc      7%         N/A       100%        7
 Orb of Destruction       Conj           2%         9d5       100%        7
 Ozocubu's Refrigeration  Ice            2%         4d7       100%        7
 Spellforged Servitor     Conj/Summ      7%         N/A       100%        7
 Maxwell's Capacitive Co  Air            2%         ∞         100%        8
 Summon Horrible Things   Summ           13%        N/A       100%        8
 Chain Lightning          Conj/Air       2%         3d2       100%        9
 Dragon's Call            Summ           13%        N/A       100%        9
 Fire Storm               Conj/Fire      2%         8d1       100%        9
 Polar Vortex             Ice            2%         N/A       100%        9
 Shatter                  Erth           16%        3d15*     100%        9
 Animate Dead             Necr           Unusable   N/A       N/A         4
 Simulacrum               Ice/Necr       Unusable   N/A       N/A         6

Dungeon Overview and Level Annotations

Branches:
Dungeon (15/15)            Temple (1/1) D:7            Lair (5/5) D:8
 Shoals (4/4) Lair:2       Spider (4/4) Lair:2        Slime (0/5) Lair:4
    Orc (2/2) D:9             Elf (3/3) Orc:2        Vaults (5/5) D:13
  Crypt (0/3) Vaults:2     Depths (4/4) D:15            Zot (5/5) Depths:4
  IceCv (visited)         Volcano (visited)          WizLab (visited)
Gauntlet (visited)

Altars:
Ashenzari
Cheibriados
Dithmenos
Elyvilon
Fedhas
Gozag
Hepliaklqana
Kikubaaqudgha
Makhleb
Nemelex Xobeh
Okawaru
Qazlal
Ru
Sif Muna
Trog
Uskayaw
Vehumet
Wu Jian
Xom
Yredelemnul
Zin
The Shining One
Jiyva

Shops:
D:1 !   D:2 [   D:8 **(=   D:15 (   Orc:1 (   Orc:2 :[(!=[   Elf:3 (*==
Shoals:2 *[[(   Vaults:3 ?   Depths:1 :[:   Depths:3 ![

Portals:
Hell: Depths:1 Depths:2 Depths:3 Depths:4
Abyss: Depths:1 Depths:3
Pandemonium: Depths:2 Depths:3
Ziggurat: Depths:3

Annotations:
D:6 1 runed translucent door
D:15 Roxanne
Orc:1 1 runed translucent door
Elf:2 3 runed translucent doors
Vaults:2 1 runed translucent door, kasel's ghost, adept GnAr
Zot:4 Tiamat
Zot:5 4 transporters


Innate Abilities, Weirdness & Mutations

You are too large for most types of armour.
You have a pair of small horns on your head.
You have tough skin. (AC +1)
You gain doubled healing and magic from potions.
Whenever you drink a healing potion, you attack all around you.
You possess an exceptional clarity of mind.
You are clumsy. (Dex -2)
Your spells are a little easier to cast, but a little less powerful.
You sometimes lose the ability to drink potions when taking damage.


Message History

You hit the Brimstone Fiend.
The Brimstone Fiend's magic leaks into the air.
Desperate hands claw out at the Brimstone Fiend.
The Brimstone Fiend is almost dead.
You thrash the Brimstone Fiend!!
You kill the Brimstone Fiend!
You feel your intelligence returning.
A green death comes into view.
You can't go up here!
Your nameless horror hits the green death.
The green death's magic leaks into the air.
An Orb Guardian comes into view.
There is a stone staircase leading up here.
The green death's magic is no longer disrupted.
You climb upwards.
There is a stone staircase leading down here.
There is a stone staircase leading up here.
You climb upwards.
There is a stone staircase leading down here.
There is a stone staircase leading up here.
You climb upwards.
There is a stone staircase leading down here.
There is a stone staircase leading up here.
You climb upwards.
There is a stone staircase leading down here.
There is a stone staircase leading up here.
You climb upwards.
There is a stone staircase leading down here.
There is an open door here.
There is an open door here.
An Orb Guardian opens the door.
Aiming: Dig
Press: ? - help, Shift-Dir - straight line A rock wall.
This square is covered in magical glow.
The rock shatters into small pieces.
The Orb Guardian misses you.
There is a staircase leading out of the dungeon here.
You block the Orb Guardian's attack.
You have escaped!

##...≈≈≈≈≈≈~≈≈~~≈≈≈≈≈≈≈≈≈≈≈~...##
.....~≈≈≈≈≈≈≈≈~≈~≈≈≈≈≈≈≈≈≈≈~.....
.....~≈≈#+#'#≈≈≈≈≈≈≈#'#+#≈≈~.....
.....~≈≈'(..##+###'##...'≈≈~.....
.....~≈≈'...'.......'...'≈≈~.....
.....~≈≈#+##..#####.###'#≈≈~.....
......~~≈≈#...#...#...+≈≈≈≈≈.....
....⌠..≈~≈'.⌠.'...###.#≈≈≈≈~.....
....⌠..)≈~'.⌠.'.@.###.#≈≈≈≈~.....
......~≈≈≈#...#.X.#...'≈≈≈≈≈.....
#....~≈≈#'#'#.###.#.###'#≈≈≈.....
##...~≈≈'...#.......#...+≈≈~.....
#...~~≈'...##'###'##..>+≈≈~.....
##...~≈~#+#'#≈≈≈≈≈≈≈#+#+#≈≈~.....
#....~≈≈≈≈≈≈≈≈≈≈≈≈≈≈≈≈≈≈≈≈≈~.....
#....~≈≈≈≈≈≈≈≈≈≈≈≈≈≈≈≈≈≈≈≈≈~.....
.....~~~~~≈~~~~~≈~~~~~~~≈~~~.....


You could see an Orb Guardian.

Vanquished Creatures
  4 dread liches (Zot:5)
  A pandemonium lord (Depths:1)
  An ancient lich (Zot:5)
  A juggernaut (Depths:4)
  2 orbs of fire (Zot:5)
  Sojobo (Depths:2)
  2 Killer Klowns (Zot:5)
  A curse toe (Zot:1)
  Margery (Depths:2)
  2 golden dragons
  Jory (Depths:4)
  A Tzitzimitl (Depths:1)
  A Brimstone Fiend (D:6)
  3 electric golems
  A hellephant (Abyss:2)
  Rupert (D:12)
  3 tentacled monstrosities
  4 liches
  2 deep elf blademasters (Elf:3)
  A titan (Vaults:5)
  A walking crystal tome (Depths:3)
  15 Orb Guardians
  3 quicksilver dragons
  5 sphinxes
  A tentacled starspawn (Abyss:2)
  2 deep elf master archers (Elf:3)
  Frances (D:12)
  A death cob (Zot:3)
  Donald (Shoals:4)
  4 shadow dragons
  8 storm dragons
  5 tengu reavers
  3 nagarajas (WizLab)
  Aizul (Shoals:4)
  2 protean progenitors (Zot:5)
  5 fire giants
  2 draconian knights
  3 draconian shifters
  8 deep elf sorcerers
  2 draconian monks (Zot:4)
  Louise (D:14)
  10 vault wardens
  6 deep elf elementalists
  6 emperor scorpions
  10 ghost moths
  A balrug (Zot:1)
  11 frost giants
  A draconian scorcher (Zot:3)
  A caustic shrike zombie (Depths:2)
  2 orc warlords
  A reaper (D:8)
  A cacodemon (Zot:5)
  3 demonspawn corrupters (WizLab)
  20 ironbound preservers
  10 ironbound thunderhulks
  5 spriggan defenders
  9 broodmothers
  17 very ugly things
  18 stone giants
  A black draconian (Zot:1)
  A formless jellyfish (Vaults:2)
  5 deep elf death magi
  2 green draconians
  7 deep elf demonologists
  5 yellow draconians
  A minotaur (Gauntlet)
  13 dire elephants
  5 deep elf annihilators
  2 red draconians (Zot:4)
  2 white draconians
  7 spark wasps
  6 vampire knights
  3 war gargoyles
  4 purple draconians
  2 blizzard demons
  An eidolon (Vaults:2)
  2 merfolk javelineers
  A crystal guardian (Vaults:4)
  7 merfolk impalers
  7 deep elf high priests
  10 ettins
  Josephine (Spider:1)
  18 yaktaur captains
  12 fire dragons
  2 rakshasas
  11 entropy weavers
  7 great orbs of eyes
  A peacekeeper (Vaults:3)
  2 hydras
  5 jorogumos
  8 vault guards
  5 spriggan air magi
  10 ice dragons
  A death knight (D:14)
  2 ogre magi
  13 ironbound frosthearts
  A radroach (Spider:4)
  7 satyrs
  An alligator snapping turtle (Shoals:4)
  6 centaur warriors
  7 boulder beetles
  19 dancing weapons
  4 merfolk aquamancers
  A death yak (D:10)
  7 merfolk avatars
  6 tengu warriors
  7 two-headed ogres
  11 deep troll earth magi
  An orc high priest (Orc:2)
  7 deep troll shamans
  4 demonic crawlers
  A hell hog (Volcano)
  15 spriggans
  6 spriggan berserkers
  A sun demon (Zot:1)
  4 thrashing horrors
  A titan skeleton (Vaults:2)
  5 occultists
  A soul eater (Vaults:2)
  7 deep elf knights
  9 hell knights
  5 skysharks
  9 pharaoh ants
  8 iron trolls
  8 sea snakes
  5 skeletal warriors (D:13)
  A salamander mystic (Depths:2)
  4 spriggan druids
  54 deep trolls
  2 shadow demons
  4 glowing orange brains
  2 flayed ghosts
  10 orb spiders
  16 arcanists
  8 lindwurms
  8 deep elf archers
  5 orange crystal statues
  2 starcursed masses (Abyss:2)
  18 ironbound convokers
  8 orc knights
  13 deep elf zephyrmancers
  2 phantasmal warriors
  25 wolf spiders
  5 necromancers
  9 steelbarb worms
  28 deep elf pyromancers
  2 stone giant zombies
  A fire giant zombie (Vaults:4)
  17 harpies
  19 fauns
  A mana viper (shapeshifter) (Vaults:5)
  49 ugly things
  3 orc sorcerers
  7 salamanders
  A worldbinder (WizLab)
  12 manticores
  4 cyclopes
  A cyclops (shapeshifter) (Vaults:5)
  10 merfolk sirens
  15 moths of wrath
  An apocalypse crab (Abyss:2)
  14 elephants
  5 kobold blastminers
  A fire giant skeleton (Vaults:4)
  5 water nymphs
  An ice statue (Elf:2)
  A rust devil (Zot:5)
  16 vault sentinels
  A large abomination (Abyss:2)
  A guardian serpent (Lair:5)
  2 gargoyles
  7 black mambas
  A stone giant skeleton (Abyss:2)
  An orange demon (Zot:5)
  17 cane toads
  7 rime drakes
  2 unseen horrors
  12 torpor snails
  6 freezing wraiths
  A komodo dragon (shapeshifter) (D:15)
  An efreet (D:15)
  28 yaktaurs
  9 komodo dragons
  A golden dragon simulacrum (IceCv)
  2 human skeletons
  2 tengu conjurers (Depths:2)
  An ancient zyme (Abyss:2)
  A troll (shapeshifter) (Depths:4)
  6 trolls
  29 merfolk
  2 alligator simulacra (IceCv)
  A hellwing (Abyss:2)
  A queen bee (Lair:2)
  2 tyrant leeches (Zot:5)
  14 hornets
  3 polar bears
  26 tarantellas
  10 snapping turtles
  4 wind drakes
  2 raiju (Abyss:2)
  15 dream sheep
  2 glass eyes
  2 raiju (shapeshifter)
  27 blink frogs
  6 air elementals
  30 jumping spiders
  7 small abominations
  Sigmund (D:2)
  8 wraiths
  20 culicivoras
  3 shadows
  Eustachio (D:6)
  A vampire (D:14)
  2 dire elephant simulacra (IceCv)
  32 slime creatures
  19 wyverns
  54 yaks
  A spriggan skeleton (Depths:2)
  2 elf zombies (Vaults:2)
  12 water elementals
  A fire bat (Volcano)
  3 fire elementals
  An unseen horror simulacrum (D:10)
  6 basilisks
  4 wargs
  A golden eye (shapeshifter) (Abyss:2)
  7 vampire mosquitoes
  A redback (shapeshifter) (Vaults:4)
  2 steam dragons
  A neqoxec (Abyss:2)
  2 chaos spawn
  2 harpy simulacra (IceCv)
  54 redbacks
  A swamp worm (shapeshifter) (Vaults:5)
  2 swamp worms (Gauntlet)
  4 acid dragons
  23 water moccasins
  3 hell hounds
  2 ice beasts (D:5)
  An ice beast (shapeshifter) (D:13)
  An ettin simulacrum (Vaults:2)
  2 sky beasts (D:7)
  6 black bears
  34 orc warriors
  A human zombie (Vaults:4)
  11 ogres
  10 boggarts
  2 laughing skulls (Gauntlet)
  An ogre (shapeshifter) (D:13)
  20 wolves (Lair:5)
  11 centaurs
  3 kobold brigands
  3 phantoms
  Blork the orc (D:6)
  A brain worm (Abyss:2)
  2 gnoll sergeants (D:7)
  8 bullfrogs
  4 scorpions
  2 earth elementals
  6 wights
  A lindwurm simulacrum (IceCv)
  30 killer bees
  2 electric eels
  A howler monkey (D:8)
  2 centaur zombies (D:8)
  2 bombardier beetles
  2 hounds (D:6)
  4 jellies (Lair:4)
  14 orc priests
  2 iron imps (Abyss:2)
  27 orc wizards
  2 iguanas
  4 hell rats (Lair:1)
  A killer bee zombie (D:8)
  An ogre zombie (D:8)
  5 centaur simulacra (D:10)
  A mummy (D:8)
  Robin (D:4)
  20 gnolls
  8 adders
  A shadow imp (D:5)
  A white imp (D:10)
  4 ufetubi
  2 worms
  106 orcs
  7 ball pythons
  4 endoplasms
  2 giant cockroaches
  14 goblins
  7 hobgoblins
  8 jackals
  4 bats
  5 frilled lizards
  16 kobolds
  A kobold zombie (D:6)
  5 rats
  An aspiring flesh (Zot:3)
  2 starspawn tentacles (Abyss:2)
2034 creatures vanquished.

Vanquished Creatures (collateral kills)
  A dread lich (Vaults:4)
  A Killer Klown (Zot:3)
  A curse toe (Zot:3)
  3 golden dragons
  An electric golem (Zot:2)
  A hellephant (Depths:2)
  2 liches
  2 tentacled monstrosities
  3 Orb Guardians
  2 titans (Vaults:5)
  A sphinx (Vaults:2)
  A quicksilver dragon (Zot:5)
  A death cob (Zot:2)
  2 tengu reavers
  4 storm dragons
  2 shadow dragons
  4 protean progenitors
  3 vault wardens (Vaults:5)
  2 draconian monks
  A draconian shifter (Zot:3)
  A draconian stormcaller (Zot:3)
  2 draconian annihilators (Zot:3)
  A broodmother (Zot:2)
  An ironbound preserver (Vaults:5)
  A stone giant (Vaults:5)
  A deep elf death mage (Vaults:5)
  A green draconian (Zot:3)
  2 black draconians (Zot:3)
  A deep elf annihilator (Vaults:5)
  2 red draconians (Zot:4)
  3 purple draconians
  5 yellow draconians
  A spark wasp (Zot:4)
  3 white draconians
  3 dire elephants
  An ettin (Depths:3)
  A yaktaur captain (Vaults:4)
  2 ice dragons (Zot:4)
  A fire dragon (Depths:2)
  A great orb of eyes (Vaults:3)
  A peacekeeper (Vaults:4)
  13 vault guards (Vaults:5)
  An anaconda (Zot:3)
  An ogre mage (Vaults:5)
  3 dancing weapons (Zot:4)
  3 deep troll shamans
  A sun demon (Zot:1)
  A hell knight (Vaults:5)
  An iron troll (Depths:4)
  A skyshark (shapeshifter) (Vaults:5)
  4 deep trolls
  A deep troll (shapeshifter) (Depths:2)
  2 phantasmal warriors (Vaults:5)
  A harpy (Vaults:1)
  3 ironbound convokers
  2 ugly things (Vaults:4)
  An orc knight (Vaults:5)
  8 moths of wrath
  A manticore (Shoals:1)
  3 vault sentinels
  4 yaktaurs
  A merfolk (Shoals:4)
  A snapping turtle (Shoals:1)
  A slime creature (Vaults:4)
  A redback (Depths:4)
  2 swamp worms (Zot:3)
  An orc priest (Vaults:5)
  An orc wizard (Vaults:5)
  An orc (Vaults:5)
  2 aspiring fleshes (Zot:2)
139 creatures vanquished.

Vanquished Creatures (others)
  4 ancient liches
  2 orbs of fire
  2 dread liches (Zot:5)
  A Killer Klown (Zot:5)
  An electric golem (Zot:5)
  5 tentacled monstrosities
  11 Orb Guardians (Zot:5)
  A titan (Vaults:5)
  A quicksilver dragon (Zot:1)
  A death cob (Zot:5)
  A storm dragon (Zot:5)
  A protean progenitor (Zot:3)
  2 fire giants
  7 draconian monks
  3 vault wardens (Vaults:5)
  A draconian shifter (Zot:4)
  A deep elf sorcerer (WizLab)
  2 ironbound preservers
  A draconian stormcaller (Zot:3)
  2 draconian annihilators (Zot:3)
  2 black draconians
  5 purple draconians
  3 green draconians
  2 white draconians
  4 red draconians
  A war gargoyle (Zot:4)
  2 yellow draconians (Zot:4)
  2 yaktaur captains
  A great orb of eyes (Vaults:5)
  An ice dragon (Zot:4)
  13 vault guards
  An ogre mage (Vaults:1)
  2 anacondas (Zot:3)
  A centaur warrior (D:13)
  A hell knight (Vaults:5)
  2 arcanists (Vaults:4)
  A glowing orange brain (Vaults:4)
  A deep elf archer (Elf:2)
  2 ironbound convokers
  An orc knight (Vaults:4)
  An ugly thing (Vaults:4)
  3 necromancers (Vaults:5)
  A deep elf zephyrmancer (Elf:2)
  4 moths of wrath
  A torpor snail (shapeshifter) (Vaults:4)
  A vault sentinel (Vaults:5)
  6 yaktaurs
  2 hornets
  A golden eye (Abyss:2)
  A swamp worm (Zot:3)
  A boggart (D:15)
  An orc (D:10)
  A lurking horror (Abyss:2)
  3 starspawn tentacles (Abyss:2)
125 creatures vanquished.

Grand Total: 2298 creatures vanquished

Notes
Turn   | Place    | Note
-------+----------+-------------------------------------------
     0 | D:1      | PublicAnimeNo1 the Oni Shapeshifter began the quest for the
                  | Orb.
     0 | D:1      | Reached XP level 1. HP: 19/19 MP: 1/1
   232 | D:1      | Reached XP level 2. HP: 26/28 MP: 2/2
   389 | D:1      | Reached skill level 2 in Fighting
   420 | D:1      | Found Petui's Distillery.
   645 | D:2      | Found Aschijaoh's Armour Shop.
   718 | D:2      | Noticed Sigmund
   726 | D:2      | Reached XP level 3. HP: 33/35 MP: 3/3
   742 | D:2      | Killed Sigmund
   743 | D:2      | Reached skill level 4 in Fighting
   743 | D:2      | Reached XP level 4. HP: 6/48 MP: 4/4
   743 | D:2      | Reached XP level 5. HP: 7/54 MP: 5/5
  1041 | D:2      | Found a blossoming altar of Fedhas.
  2580 | D:3      | Reached XP level 6. HP: 62/62 MP: 6/6
  2882 | D:1      | Bought a potion of curing for 36 gold pieces
  2882 | D:1      | Bought a potion of mutation for 96 gold pieces
  3212 | D:4      | Identified the +4 hand axe of Hiupsuh {protect, rN+ Will+
                  | Dex+3}
  3305 | D:4      | Noticed a black bear
  3319 | D:4      | Killed a black bear
  3320 | D:4      | Reached skill level 5 in Fighting
  3726 | D:4      | Noticed Robin
  3737 | D:4      | Killed Robin
  3784 | D:4      | Reached XP level 7. HP: 67/72 MP: 7/7
  3958 | D:5      | Entered Level 5 of the Dungeon
  3959 | D:5      | Identified 3 scrolls of acquirement
  3959 | D:5      | Acquired the +3 Elemental Staff {ele, rElec rF+ rC+ AC+3}
  3959 | D:5      | Found the +3 Elemental Staff {ele, rElec rF+ rC+ AC+3}
  3961 | D:5      | Acquired an amulet of reflection
  3963 | D:5      | Acquired the ring "Ricsoiha" {Wiz rN++ Str-3 Int+3}
  3983 | D:5      | Reached skill level 1 in Staves
  4160 | D:5      | Reached skill level 6 in Fighting
  4160 | D:5      | Reached skill level 1 in Evocations
  4384 | D:5      | Reached XP level 8. HP: 84/84 MP: 8/8
  4934 | D:6      | Noticed Blork the orc
  4945 | D:6      | Killed Blork the orc
  4946 | D:6      | Reached skill level 7 in Fighting
  5195 | D:6      | Reached skill level 5 in Staves
  5244 | D:6      | Noticed Eustachio
  5254 | D:6      | Killed Eustachio
  5551 | D:6      | Found a runed translucent door.
  5555 | D:6      | Found a basalt altar of Yredelemnul.
  5560 | D:6      | Reached XP level 9. HP: 94/94 MP: 9/9
  5689 | D:6      | Found a shadowy altar of Dithmenos.
  5858 | D:7      | Reached skill level 8 in Fighting
  5976 | D:7      | Found a staircase to the Ecumenical Temple.
  6593 | D:8      | Reached skill level 9 in Fighting
  6640 | D:8      | Reached XP level 10. HP: 49/107 MP: 10/10
  6932 | D:8      | Found a staircase to the Lair.
  6949 | D:8      | Found a hide-covered altar of Uskayaw.
  7645 | D:7      | Reached skill level 1 in Spellcasting
  7780 | D:7      | Reached skill level 1 in Shields
  7841 | D:7      | Reached skill level 5 in Evocations
  8306 | D:7      | Found a sacrificial altar of Ru.
  8309 | D:7      | Found a shimmering blue altar of Sif Muna.
  8516 | Temple   | Entered the Ecumenical Temple
  8589 | Temple   | Became a worshipper of Gozag Ym Sagoz the Greedy
  8783 | D:9      | Reached skill level 10 in Fighting
  8869 | D:9      | Found a staircase to the Orcish Mines.
  8956 | D:9      | Noticed a two-headed ogre
  8958 | D:9      | Killed a two-headed ogre
  9508 | D:10     | Entered Level 10 of the Dungeon
  9773 | D:10     | Reached XP level 11. HP: 119/119 MP: 16/16
  9796 | D:10     | Noticed a death yak
  9822 | D:10     | Killed a death yak
  9823 | D:10     | Reached skill level 11 in Fighting
 10026 | D:10     | Acquired 737 gold pieces
 10626 | Orc:1    | Entered Level 1 of the Orcish Mines
 10746 | Orc:1    | Reached skill level 5 in Spellcasting
 10896 | Orc:1    | Found a runed translucent door.
 10899 | Orc:1    | Noticed an orange crystal statue
 10900 | Orc:1    | Found the +10 tower shield of Ignorance {rN+ Int-4}
 10958 | Orc:1    | Found a runed translucent door.
 11048 | Orc:1    | Noticed an orc sorcerer
 11060 | Orc:1    | Killed an orc sorcerer
 11108 | Orc:1    | Found Miqoutog's Weapon Shoppe.
 11432 | Orc:2    | Entered Level 2 of the Orcish Mines
 11637 | Orc:2    | Reached skill level 10 in Staves
 11841 | Orc:2    | Noticed an orc knight
 11841 | Orc:2    | Found Waxkoled's Jewellery Emporium.
 11857 | Orc:2    | Killed an orc knight
 11858 | Orc:2    | Reached skill level 5 in Shields
 11865 | Orc:2    | Reached skill level 12 in Fighting
 12260 | Orc:2    | Found Tifaw's Armour Emporium.
 12399 | Orc:2    | Reached XP level 12. HP: 107/132 MP: 19/19
 12573 | Orc:2    | Found Louggis's Self-Improvement Boutique.
 12631 | Orc:2    | Found a staircase to the Elven Halls.
 12685 | Orc:2    | Found Daikirry's Distillery.
 12691 | Orc:2    | Bought a potion of curing for 30 gold pieces
 12691 | Orc:2    | Bought a potion of curing for 30 gold pieces
 12691 | Orc:2    | Bought a potion of curing for 30 gold pieces
 12954 | Orc:2    | Noticed an orc high priest
 13445 | Orc:2    | Noticed an orc warlord
 13625 | Orc:2    | Killed an orc warlord
 13823 | Orc:2    | Killed an orc high priest
 13879 | Orc:2    | Reached skill level 13 in Fighting
 13886 | Orc:2    | Found Lozxaner's Antique Weapon Shop.
 13998 | Orc:2    | Found Poisyw's Antique Armour Boutique.
 14013 | Orc:2    | Bought a polished troll leather armour for 540 gold pieces
 14013 | Orc:2    | Identified the +1 troll leather armour of Pough {rElec
                  | rPois Regen+ Int+4 Slay+3} (You bought it in a shop on
                  | level 2 of the Orcish Mines)
 14082 | Orc:2    | Bought a manual of Dodging for 1200 gold pieces
 14353 | D:2      | Bought the +3 hat of Honesty {+Blink} for 462 gold pieces
 14551 | Lair:1   | Entered Level 1 of the Lair of Beasts
 14551 | Lair:1   | Noticed a skyshark
 14559 | Lair:1   | Killed a skyshark
 15019 | Lair:1   | Noticed a fire dragon
 15033 | Lair:1   | Killed a fire dragon
 15460 | Lair:2   | Reached XP level 13. HP: 144/144 MP: 20/20
 15687 | Lair:2   | Reached skill level 5 in Dodging
 15964 | Lair:2   | Reached skill level 14 in Fighting
 15976 | Lair:2   | Found a hole to the Spider Nest.
 16253 | Lair:2   | Found a staircase to the Shoals.
 16476 | Lair:3   | Found a gate leading to a gauntlet.
 16485 | Gauntlet | Entered a Gauntlet
 16485 | Gauntlet | Found a transporter.
 16485 | Gauntlet | Found a transporter.
 16490 | Gauntlet | Found a transporter.
 16490 | Gauntlet | Found a transporter.
 16491 | Gauntlet | Found a transporter.
 16491 | Gauntlet | Found a transporter.
 16525 | Gauntlet | Found a transporter.
 16573 | Gauntlet | Found a transporter.
 16573 | Gauntlet | Found a transporter.
 16573 | Gauntlet | Found a transporter.
 16587 | Gauntlet | Identified the +7 pearl dragon scales of Exclusion {rPois
                  | rN+ Int+6}
 16594 | Gauntlet | Found the amulet of Vitality {RegenMP++ Regen++}
 16598 | Gauntlet | Found a runed translucent door.
 16615 | Gauntlet | Found a transporter.
 16632 | Gauntlet | Found a transporter.
 16652 | Gauntlet | Reached skill level 1 in Armour
 16696 | Gauntlet | Identified the +5 plate armour of Theory {rC+}
 16696 | Gauntlet | Noticed a minotaur
 16708 | Gauntlet | Killed a minotaur
 16737 | Gauntlet | Identified the amulet of Yendor {Spirit Harm}
 16737 | Gauntlet | Identified the +4 pair of gloves of the Stone Wall {rF++}
 16742 | Lair:3   | Upgraded the game from 0.31-a0-1394-g47f062a to
                  | 0.31-a0-1405-g2bb1a01
 16832 | Lair:3   | Found a dark tunnel.
 16842 | Volcano  | Entered a volcano
 17087 | Lair:3   | Got the Codex of Alteration and the Congregation
 17453 | Lair:3   | Reached skill level 5 in Armour
 17572 | Lair:3   | Reached XP level 14. HP: 156/156 MP: 21/21
 17803 | Orc:2    | Bought a manual of Fighting for 1200 gold pieces
 19055 | Lair:4   | Found a staircase to the Slime Pits.
 19083 | Lair:4   | Found a viscous altar of Jiyva.
 19198 | Lair:4   | Reached skill level 15 in Fighting
 19771 | Lair:5   | Entered Level 5 of the Lair of Beasts
 20088 | Lair:5   | Reached skill level 16 in Fighting
 20104 | Lair:5   | Reached skill level 10 in Evocations
 20170 | Lair:5   | Reached skill level 17 in Fighting
 20170 | Lair:5   | Reached XP level 15. HP: 174/174 MP: 22/22
 20214 | Lair:5   | Reached skill level 10 in Shields
 20219 | Lair:5   | Learned a level 4 spell: Animate Armour
 20222 | Lair:5   | Learned a level 2 spell: Blink
 20351 | Lair:5   | Reached XP level 16. HP: 182/183 MP: 23/23
 21383 | D:11     | Reached skill level 18 in Fighting
 21393 | D:11     | Reached skill level 10 in Armour
 21800 | D:12     | Noticed Rupert
 21810 | D:12     | Killed Rupert
 21983 | D:12     | Identified the ring "Etzoe" {Wiz Dex+6}
 22064 | D:12     | Noticed Frances
 22075 | D:12     | Killed Frances
 22726 | D:13     | Reached skill level 19 in Fighting
 23266 | D:13     | Found a gate to the Vaults.
 23737 | D:14     | Noticed Louise
 23747 | Abyss:2  | Cast into level 2 of the Abyss (Louise)
 23779 | Abyss:2  | Found a snail-covered altar of Cheibriados.
 23780 | Abyss:2  | Found a snail-covered altar of Cheibriados.
 23780 | Abyss:2  | Found a snail-covered altar of Cheibriados.
 23922 | Abyss:2  | Noticed a tentacled starspawn
 23938 | Abyss:2  | Killed a tentacled starspawn
 24042 | Abyss:2  | Noticed a hellephant
 24077 | Abyss:2  | Killed a hellephant
 24180 | Abyss:2  | Reached skill level 20 in Fighting
 24224 | D:14     | Escaped the Abyss
 24241 | D:14     | Killed Louise
 24371 | D:14     | Reached XP level 17. HP: 201/201 MP: 27/27
 24524 | D:14     | Identified the +0 robe "Ahexza" {rElec Dex+4}
 24682 | D:15     | Entered Level 15 of the Dungeon
 24716 | D:15     | Identified the +5 mace "Pendulum" {protect, Str+4}
 24727 | D:15     | Found Awiettaa's Weapon Shop.
 25027 | D:15     | Noticed Roxanne
 25341 | D:15     | Found a white marble altar of Elyvilon.
 25629 | D:15     | Found a staircase to the Depths.
 25948 | Spider:1 | Entered Level 1 of the Spider Nest
 26061 | Spider:1 | Reached skill level 21 in Fighting
 26405 | Spider:1 | Reached skill level 1 in Summonings
 26498 | Spider:1 | Reached skill level 1 in Earth Magic
 26512 | Spider:1 | Noticed Josephine
 26529 | Spider:1 | Killed Josephine
 26735 | Spider:1 | Identified the +1 spear of Tension {antimagic, rF+ Dex+4}
 27233 | Spider:2 | Reached skill level 22 in Fighting
 27819 | Spider:3 | Got the Anthology of Hexes
 27919 | Spider:3 | Reached XP level 18. HP: 215/215 MP: 30/30
 28611 | Spider:3 | Identified the +0 cloak of Mezcal {Rampage Will+ Slay+3}
 29205 | Spider:4 | Entered Level 4 of the Spider Nest
 29515 | Spider:4 | Reached skill level 5 in Summonings
 29619 | Spider:4 | Reached skill level 5 in Earth Magic
 29843 | Spider:4 | Identified the +1 hand axe of Grand Tender Mercy {freeze,
                  | rC+}
 30621 | Spider:4 | Got a gossamer rune of Zot
 30625 | Spider:4 | Identified the orb "Vunuelo" {light, -Tele rN+ Str+5 Int+3}
 31150 | D:8      | Bought the +8 mithril axe "Arga" {speed, Will+} for 775
                  | gold pieces
 31150 | D:8      | Found the +8 mithril axe "Arga" {speed, Will+}
 31289 | Elf:1    | Entered Level 1 of the Elven Halls
 31298 | Elf:1    | Reached skill level 1 in Axes
 31472 | Elf:1    | Reached XP level 19. HP: 226/226 MP: 31/31
 31712 | Orc:2    | Bought the +5 demon whip "Spellbinder" {antimagic, disrupt,
                  | Will+} for 2147 gold pieces
 31712 | Orc:2    | Found the +5 demon whip "Spellbinder" {antimagic, disrupt,
                  | Will+}
 31715 | Orc:2    | Upgraded the game from 0.31-a0-1405-g2bb1a01 to
                  | 0.31-a0-1414-g6c1934c
 31913 | Shoals:1 | Entered Level 1 of the Shoals
 31957 | Shoals:1 | Reached skill level 5 in Axes
 32515 | Shoals:2 | Found Ote Wac's Assorted Antiques.
 32673 | Shoals:2 | Found Yneojearchu's Weapon Boutique.
 32754 | Shoals:2 | Found Toxemyv's Antique Armour Boutique.
 32772 | Shoals:2 | Found Zyev's Antique Armour Shop.
 33399 | Shoals:3 | Reached skill level 10 in Axes
 34067 | Shoals:4 | Entered Level 4 of the Shoals
 34297 | Shoals:4 | Noticed Donald
 34329 | Shoals:4 | Killed Donald
 34398 | Shoals:4 | Got a barnacled rune of Zot
 34480 | Shoals:4 | Identified the +0 ring mail "Ijiefoiq" {rF+ Str+3}
 34864 | Shoals:4 | Identified the serpent talisman of the Wheelwright {rCorr
                  | Dex+8 Stlth-}
 34864 | Shoals:4 | Noticed Aizul
 34877 | Shoals:4 | Killed Aizul
 34952 | Shoals:4 | Reached XP level 20. HP: 109/236 MP: 18/32
 35336 | Vaults:1 | Entered Level 1 of the Vaults
 36109 | Vaults:1 | Reached skill level 15 in Axes
 37294 | Vaults:2 | Identified the +8 battleaxe "Ucse" {freeze, ^Fragile rCorr
                  | Dex+4 Stlth+}
 37391 | Vaults:2 | Found a runed translucent door.
 37391 | Vaults:2 | Found a shimmering altar of Xom.
 37391 | Vaults:2 | Noticed kasel's ghost (adept GnAr)
 37713 | Vaults:2 | Found a staircase to the Crypt.
 38038 | Vaults:2 | Noticed a golden dragon
 38051 | Vaults:2 | Reached XP level 21. HP: 158/245 MP: 11/33
 38054 | Vaults:2 | Killed a golden dragon
 38491 | Vaults:2 | Identified the +8 short sword of Lihalit {vamp, rF+ rN+}
 40306 | Vaults:3 | Found Plog's Magic Scroll Shop.
 40374 | Vaults:3 | Bought a scroll of teleportation for 39 gold pieces
 40374 | Vaults:3 | Bought a scroll of blinking for 97 gold pieces
 40374 | Vaults:3 | Bought a scroll of teleportation for 39 gold pieces
 40889 | Vaults:4 | Acquired the +1 cloak of Gravity {Will+ Int+2 Stlth+}
 40940 | Vaults:4 | Found a magical portal.
 40949 | WizLab   | Entered Alistair's Party Mansion
 41174 | WizLab   | Noticed a golden dragon
 41174 | WizLab   | Noticed a golden dragon
 41191 | WizLab   | Got the Spellbook of the Scorpion
 41261 | WizLab   | Paralysed by accursed screaming for 1 turns
 41455 | WizLab   | Reached XP level 22. HP: 165/254 MP: 16/34
 41630 | Vaults:4 | Acquired 889 gold pieces
 41631 | Vaults:4 | Acquired 1182 gold pieces
 42578 | Vaults:4 | Reached skill level 10 in Dodging
 42958 | Vaults:5 | Entered Level 5 of the Vaults
 43012 | Vaults:5 | Noticed a golden dragon
 43022 | Vaults:5 | Killed a golden dragon
 43024 | Vaults:5 | Noticed an ancient lich
 43055 | Vaults:5 | Identified the +7 mace of Weshrar {protect, rElec SInv}
 43057 | Vaults:5 | Identified the amulet "Siuddah" {Spirit Will+ Str+3}
 43063 | Vaults:5 | Reached skill level 15 in Armour
 43087 | Vaults:5 | Noticed a golden dragon
 43106 | Vaults:5 | Reached skill level 15 in Shields
 43107 | Vaults:5 | Killed a golden dragon
 43117 | Vaults:5 | Noticed a dread lich
 43175 | Vaults:4 | Killed a dread lich
 43423 | Vaults:5 | Identified the staff of Wubyff {rN+ Int+5 Necro}
 43482 | Vaults:5 | Identified the +5 mace of the Summoning Penguin {protect,
                  | Int+6 Stlth+}
 43482 | Vaults:5 | Identified the ring of Gistruar {*Corrode rN+ Will++ EV+5}
 43520 | Vaults:5 | Reached XP level 23. HP: 114/263 MP: 11/35
 43560 | Vaults:5 | Identified the +5 scale mail of Daisies {Rampage rC+
                  | Stlth+}
 43560 | Vaults:5 | Identified the ring of Ylaleget {Fly Will+}
 43612 | Vaults:5 | Identified the +1 plate armour of Wicked Surprise {rCorr}
 43626 | Vaults:5 | Identified the +7 short sword of Spite {speed, *Corrode
                  | +Blink rPois rN+ Str+3}
 43723 | Vaults:5 | Identified the +5 arbalest of the Feather {elec, Will+
                  | rCorr SInv}
 43881 | Vaults:5 | Identified the +9 quarterstaff of Soacooj {flame, rPois
                  | rCorr Dex+6}
 44064 | Vaults:5 | Identified the +4 demon whip "Gazill" {elec, rN+ Str+5
                  | Dex-3}
 44064 | Vaults:5 | Identified the ring of the Mpinguari {Fly Int+4}
 44201 | Vaults:5 | Reached skill level 10 in Summonings
 44246 | Vaults:5 | Reached skill level 10 in Earth Magic
 44340 | Vaults:5 | Identified the +2 helmet "Rujoeroz" {rC+ Dex+3}
 44642 | Vaults:5 | Acquired 897 gold pieces
 44659 | Vaults:5 | Got a silver rune of Zot
 44833 | Vaults:5 | Got the Excursus on the Toxic Sixfirhy
 46393 | Elf:2    | Paralysed by an air elemental for 1 turns
 46399 | Elf:2    | Paralysed by an air elemental for 1 turns
 46460 | Elf:2    | Found a frozen archway.
 46476 | IceCv    | Entered an ice cave
 46502 | IceCv    | Found a transporter.
 46537 | IceCv    | Found a transporter.
 46714 | Elf:2    | Paralysed by an air elemental for 1 turns
 46718 | Elf:2    | Paralysed by an air elemental for 1 turns
 47223 | Elf:2    | Found a runed translucent gate.
 47224 | Elf:2    | Found a runed translucent gate.
 47224 | Elf:2    | Found a runed translucent gate.
 47291 | Elf:3    | Entered Level 3 of the Elven Halls
 47293 | Elf:3    | Paralysed by an air elemental for 1 turns
 47300 | Elf:3    | Paralysed by an air elemental for 1 turns
 47330 | Elf:3    | Found Abokuis's Weapon Boutique.
 47448 | Elf:3    | Found a flickering gateway to a bazaar.
 47480 | Elf:3    | Found Suinywka's General Store.
 47486 | Elf:3    | Found Ceraus's Jewellery Emporium.
 47497 | Elf:3    | Paralysed by an air elemental for 1 turns
 47555 | Bazaar   | Entered a bazaar
 47555 | Bazaar   | Found Juixtov's Book Emporium.
 47555 | Bazaar   | Found Caem's Magic Scroll Shoppe.
 47555 | Bazaar   | Found Paffy's Magic Scroll Shoppe.
 47555 | Bazaar   | Found Syri's Magic Scroll Emporium.
 47555 | Bazaar   | Found Neatsoarch's Antique Weapon Shoppe.
 47585 | Bazaar   | Bought a scroll of blinking for 82 gold pieces
 47589 | Bazaar   | Bought a scroll of fog for 48 gold pieces
 47589 | Bazaar   | Bought a scroll of fog for 48 gold pieces
 47589 | Bazaar   | Bought a scroll of teleportation for 36 gold pieces
 47591 | Bazaar   | Bought a scroll of teleportation for 36 gold pieces
 48060 | Elf:3    | Found Fece's Jewellery Emporium.
 48595 | Elf:3    | Identified the staff of Kojyezxi {rPois rCorr Int-5 Conj
                  | Alchemy}
 48642 | Elf:3    | Found the +7 great mace "Firestarter" {flame, immolate,
                  | rFlCloud rF++}
 49097 | Depths:1 | Entered Level 1 of the Depths
 49372 | Depths:1 | Reached XP level 24. HP: 273/273 MP: 35/35
 49406 | Depths:1 | Learned a level 5 spell: Borgnjor's Vile Clutch
 49430 | Depths:1 | Found Noumikisch's Book Shop.
 49432 | Depths:1 | Found Epsivide's Armour Boutique.
 49434 | Depths:1 | Found Leptifaa's Book Shop.
 49933 | Depths:1 | Reached skill level 1 in Necromancy
 49945 | Depths:1 | Found a gateway to Hell.
 50030 | Depths:1 | Found a one-way gate to the infinite horrors of the Abyss.
 50154 | Depths:2 | Noticed Sojobo
 50163 | Depths:2 | Paralysed by an air elemental for 1 turns
 50170 | Depths:2 | Paralysed by an air elemental for 1 turns
 50203 | Depths:2 | Noticed Margery
 50218 | Depths:2 | Paralysed by an air elemental for 1 turns
 50229 | Depths:2 | Paralysed by an air elemental for 1 turns
 50250 | Depths:2 | Killed Margery
 50286 | Depths:2 | Killed Sojobo
 51392 | Depths:2 | Found a one-way gate leading to the halls of Pandemonium.
 51552 | Depths:2 | Upgraded the game from 0.31-a0-1414-g6c1934c to
                  | 0.31-a0-1425-g903e00c
 51611 | Depths:3 | Found a one-way gateway to a ziggurat.
 51784 | Depths:3 | Found a flickering gateway to a bazaar.
 51790 | Bazaar   | Entered a bazaar
 51806 | Bazaar   | Found Peomy's Magic Scroll Shoppe.
 51806 | Bazaar   | Found Qulituf's Book Emporium.
 51817 | Bazaar   | Bought a scroll of teleportation for 36 gold pieces
 51817 | Bazaar   | Bought a scroll of blinking for 90 gold pieces
 51828 | Bazaar   | Found Loolih's Jewellery Shoppe.
 51844 | Bazaar   | Found Biysuoz's Armour Emporium.
 51876 | Depths:3 | Bought a potion of heal wounds for 70 gold pieces
 51876 | Depths:3 | Gained mutation: Your flesh is cold resistant. (rC+)
                  | [potion of mutation]
 51876 | Depths:3 | Gained mutation: You possess an exceptional clarity of
                  | mind. [potion of mutation]
 51879 | Depths:3 | Bought the +0 mask of the Dragon {Will+ Slay+3 SInv} for
                  | 567 gold pieces
 51879 | Depths:3 | Found the +0 mask of the Dragon {Will+ Slay+3 SInv}
 53284 | Depths:3 | Identified the +1 ring mail of Music {rPois rF+}
 53629 | Depths:4 | Entered Level 4 of the Depths
 53654 | Depths:4 | Reached skill level 5 in Necromancy
 53658 | Depths:4 | Noticed a juggernaut
 53723 | Depths:4 | Noticed Jory
 53836 | Depths:4 | Killed a juggernaut
 53865 | Depths:4 | Killed Jory
 53877 | Depths:4 | Reached XP level 25. HP: 198/282 MP: 17/35
 54392 | Depths:4 | Found a sacrificial altar of Ru.
 54599 | Depths:4 | Found a gate to the Realm of Zot.
 54653 | Zot:1    | Entered Level 1 of the Realm of Zot
 54790 | Zot:1    | Noticed an orb of fire
 54890 | Zot:1    | Identified the +0 helmet of the Known World {rElec}
 57223 | Zot:3    | Noticed a Killer Klown
 57271 | Zot:3    | Reached skill level 15 in Dodging
 57292 | Zot:3    | Killed a Killer Klown
 57763 | Zot:4    | Noticed an ancient lich
 57863 | Zot:4    | Found the +4 dragonskin cloak
 57863 | Zot:4    | Noticed Tiamat
 58025 | Zot:4    | Found a stormy altar of Qazlal.
 58053 | Zot:4    | Identified the +1 cloak of Bigol {Int+3}
 58305 | Zot:4    | Reached XP level 26. HP: 212/291 MP: 35/35
 58827 | Zot:5    | Entered Level 5 of the Realm of Zot
 58929 | Zot:5    | Found a transporter.
 58967 | Zot:5    | Found a transporter.
 58993 | Zot:5    | Found a transporter.
 59082 | Zot:5    | Noticed an ancient lich
 59082 | Zot:5    | Noticed a dread lich
 59083 | Zot:5    | Noticed an orb of fire
 59084 | Zot:5    | Noticed a Killer Klown
 59085 | Zot:5    | Noticed a Killer Klown
 59085 | Zot:5    | Noticed an ancient lich
 59086 | Zot:5    | Noticed an orb of fire
 59102 | Zot:5    | Killed a Killer Klown
 59113 | Zot:5    | Killed an ancient lich
 59114 | Zot:5    | Gained mutation: You are clumsy. (Dex -2) [an orb of fire]
 59117 | Zot:5    | Killed an orb of fire
 59326 | Zot:5    | Noticed a Killer Klown
 59326 | Zot:5    | Noticed a dread lich
 59331 | Zot:5    | Noticed an ancient lich
 59333 | Zot:5    | Noticed a dread lich
 59350 | Zot:5    | Killed a Killer Klown
 59358 | Zot:5    | Noticed an orb of fire
 59396 | Zot:5    | Noticed a dread lich
 59399 | Zot:5    | Noticed a dread lich
 59415 | Zot:5    | Killed a dread lich
 59420 | Zot:5    | Noticed a dread lich
 59424 | Zot:5    | Killed a dread lich
 59441 | Zot:5    | Killed a dread lich
 59525 | Zot:5    | Killed a dread lich
 59668 | Zot:5    | Killed a dread lich
 59703 | Zot:5    | Killed a dread lich
 59721 | Zot:5    | Found a transporter.
 59939 | Zot:5    | Killed an ancient lich
 60104 | Zot:5    | Gained mutation: Your spells are a little easier to cast,
                  | but a little less powerful. [an orb of fire]
 60106 | Zot:5    | Lost mutation: Your flesh is cold resistant. (rC+) [an orb
                  | of fire]
 60122 | Zot:5    | Gained mutation: You occasionally lose the ability to drink
                  | potions when taking damage. [an orb of fire]
 60137 | Zot:5    | Killed an orb of fire
 60154 | Zot:5    | Killed a Killer Klown
 60207 | Zot:5    | Got the Orb of Zot
 60235 | Zot:5    | Gained mutation: You sometimes lose the ability to drink
                  | potions when taking damage. [a cacodemon]
 60592 | Depths:1 | Noticed Goth the pandemonium lord
 60629 | Depths:1 | Killed Goth the pandemonium lord
 60671 | Depths:1 | Noticed Inoasch the pandemonium lord
 60977 | D:7      | Noticed Seasol the pandemonium lord
 61127 | D:$      | Escaped with the Orb!

Illustrated notes

Levels and vault maps discovered:
D:1:      dpeg_arrival_castle, layout_rooms, serial_shops, nicolae_diamond_shop,
          nicolae_concentric_dashed_squares_mild
D:2:      layout_loops_corners, serial_shops, nicolae_square_shop, basic_altar,
          uniq_sigmund
D:3:      layout_loops_ring
D:4:      layout_basic, uniq_robin
D:5:      layout_basic
D:6:      layout_layer_cave, dk_yredelemnul_ordeal, grunt_dithmenos_shadows,
          chequers_serial_rivers_large_b, nicolae_zig_zag_zippers,
          uniq_eustachio, uniq_blork_the_orc
D:7:      layout_gridville, jmf_multi_god_temple2, temple_pool_b,
          chequers_serial_rivers_room_b
D:8:      layout_basic, nicolae_uskayaw_murder_on_the_dancefloor,
          david_lair_generic, minmay_mini_ossuary
D:9:      layout_basic, david_orc_4
D:10:     layout_cave_pods, serial_ice, serial_ice_a, serial_ice_i,
          serial_ice_f, serial_ice_o, minmay_misc_feat_columns,
          minmay_misc_feat_alley
D:11:     layout_rooms
D:12:     layout_long_grid, corner_web_ring, uniq_frances, uniq_rupert
D:13:     layout_basic, hangedman_vaults_entry_quadrant_bands
D:14:     layout_basic, serial_corexii_hall, corexii_hall_statues_x,
          corexii_hall_statues_l, minmay_crystal_water, uniq_louise
D:15:     grunt_enter_depths_snipers, layout_basic, serial_shops, shop,
          serial_corexii_hall, corexii_hall_statues_x,
          corexii_hall_statues_deadend, nicolae_elyvilon_peaceful_grove,
          uniq_roxanne
Temple:   minmay_temple_bridge_d
Lair:1:   dragon1_lemuel, layout_regular_city, grunt_forest_small_clearing_treed
Lair:2:   layout_roguey [special_room_bee], mainiacjoe_shoals_entry_four_pools,
          nicolae_spider_entry_lesser_pyramids
Lair:3:   layout_layer_cave, serial_forest, infiniplex_forest_straight_4,
          infiniplex_forest_straight_2, infiniplex_forest_clump_medium,
          infiniplex_forest_clump_small, infiniplex_forest_side_room,
          infiniplex_forest_straight_4, gauntlet_entry_generic,
          nicolae_volcano_entry_hallway
Lair:4:   layout_layer_cave, nicolae_slime_entry_field_trip
Lair:5:   hangedman_lair_tendril_chambers, layout_misc_corridors, st_stairs_5
Shoals:1: layout_shoals
Shoals:2: layout_shoals, serial_shops, nicolae_shop_bloodbath_and_beyond,
          nicolae_take_the_stairs, shop, shop_fountains, nicolae_shop_waterfront
Shoals:3: cheibrodos_shoals_roost, layout_shoals
Shoals:4: shoals_end_grunt_ice, layout_shoals, uniq_donald, uniq_aizul
Spider:1: layout_spider_delve, nicolae_spider_eight_legs, uniq_josephine
Spider:2: nicolae_spider_obnoxious_hallway
Spider:3: layout_chambers, nicolae_spider_not_touching_you
Spider:4: hellmonk_spider_rune_endless_swarm, drop_trap, hive_lemuel
Orc:1:    layout_diamond_mine, serial_shops, shop, basic_altar,
          chequers_guarded_unrand_ignorance
Orc:2:    grunt_orc_community_town_hall, layout_caves,
          grunt_orc_community_big_house_2, grunt_orc_community_big_house_2,
          grunt_orc_community_house_1, grunt_orc_community_house_3,
          grunt_orc_community_house_2, grunt_orc_community_house_3,
          serial_shops, nicolae_shop_just_a_little_nook, nicolae_shop_self_help
Elf:1:    elf_arrival_002, layout_onion_city, hangedman_elf_disciples
Elf:2:    nicolae_elf_blades_crystal_corner, layout_geoelf_octagon,
          serial_sigils, serial_sigils_hangedman_gut,
          serial_sigils_hangedman_shear, serial_sigils_hangedman_quiver,
          serial_sigils_hangedman_clutch, portal_ice_cave_entry_ice_statue_one,
          minmay_librarian
Elf:3:    elf_hall, layout_gridlike, serial_shops, bzr_entry_safe,
          nicolae_diamond_shop, nicolae_shop_tiny_glass,
          nicolae_shop_tiny_statue_garden, nicolae_shop_pleasant_corner_grove
Vaults:1: nicolae_vaults_network_barrier, nicolae_vaults_trapezoid_lopsided_1,
          v_rooms_2, nicolae_vaults_thirteen_compartments,
          nicolae_vaults_twisting_passages, nicolae_vaults_three_branches,
          nicolae_vaults_ring_of_whatevers, nicolae_vaults_lightning_bolt,
          vaults_room_grunt_arrival_ludios, vaults_room_large_hall,
          layout_vaults_maze_snakey
Vaults:2: ebering_ghost_xom, v_misc_5, st_star, v_pattern_5,
          nicolae_vaults_network_s, nicolae_vaults_big_ls,
          nicolae_vaults_shelves_hall, minmay_crypt_entry_simple_round,
          v_misc_27, nicolae_vaults_trapezoid_4, vaults_room_corners,
          vaults_room_stairs_pillars, nicolae_vaults_little_ls,
          layout_vaults_omnicross
Vaults:3: vaults_mumra_chevron, v_misc_25, ontoclasm_vaults_spin,
          vaults_room_fancy_cross, dpeg_vaults_monster_box,
          nicolae_vaults_house_3, nicolae_vaults_house_2,
          nicolae_vaults_house_2, hangedman_vaults_maws, v_misc_14,
          nicolae_vaults_six-pack, v_misc_31, hangedman_vaults_cutoff,
          ontoclasm_vaults_misaligned, layout_vaults_ring, serial_shops,
          shop_statue
Vaults:4: infiniplex_enter_wizlab_water, v_misc_25, hangedman_vaults_stitches,
          v_pattern_1, nicolae_vaults_house_2, nicolae_vaults_prndl,
          nicolae_vaults_security_offices_3, hangedman_vaults_nodes,
          ontoclasm_vaults_eye, vaults_dpeg_doors, ontoclasm_vaults_fault,
          nicolae_vaults_windows_and_doors_thing, nicolae_vaults_alarming,
          nicolae_vaults_tetromino_L_2, layout_vaults_omnibox
Vaults:5
Depths:1: layout_roguey, pf_hell_entry_tar_spiral, abyss_entry,
          kennysheep_flooded_box, item_on_display_a, firewood_loft,
          grunt_megastairs_1, minmay_shop_star, serial_bayou_shore_b,
          serial_bayou_shore_b
Depths:2: minmay_connected_boxes_in_corner, layout_cave_pools,
          rand_demon_pan_entry_9, grunt_metal_band,
          hangedman_abyss_or_decor_jellyfish_corner, serial_bayou_pond_b,
          minmay_staircase_statues, uniq_sojobo
Depths:3: kb_forest_paths, layout_basic, enter_ziggurat_f,
          pf_vacation_house_of_asmodeus, pan_entry, serial_shops,
          bzr_entry_road, hangedman_abyss_entry_splay, dreamdust_wishing_well,
          serial_bayou_shore_b
Depths:4: evilmike_zot_entry_basic, layout_gridville, hell_entry,
          nicolae_ru_awakened_eye, minivault_11, drop_trap, uniq_jory
Zot:1:    layout_twisted_circle, hangedman_zot_decor_unnerving_road,
          regret_index_zotdec_glowing_original
Zot:2:    layout_basic, hangedman_zot_decor_tridents
Zot:3:    grunt_deathspiral_small, layout_concentric_octagons
Zot:4:    regret_index_qazlal_generations, layout_basic, skrybe_zot_glass_2,
          uniq_tiamat
Zot:5:    layout_gridville, nicolae_transporter_intersection

Skill      XL: |  1  2  3  4  5  6  7  8  9 10 11 12 13 14 15 16 17 18 19 20 21 22 23 24 25 26 |
---------------+-------------------------------------------------------------------------------+-----
Unarmed Combat | 3 4 |  4.0
Fighting       | 2 4 5 6 7 9 10 12 13 14 17 20 22 | 22.1
Short Blades   | 2 |  2.1
Shapeshifting  | 4 |  4.8
Staves         | 3 5 8 9 10 11 12 | 12.0
Evocations     | 1 3 4 5 7 8 9 10 | 10.0
Spellcasting   | 3 5 6 8 |  8.0
Shields        | 3 5 7 8 9 10 11 12 13 14 15 16 18 19 20 | 20.6
Dodging        | 4 5 9 11 13 14 15 16 | 16.0
Armour         | 5 9 11 12 13 14 15 | 15.4
Summonings     | 3 6 8 9 11 | 11.1
Earth Magic    | 3 6 8 9 11 12 13 14 | 14.2
Axes           | 3 12 17 18 | 18.0
Necromancy     | 5 7 9 |  9.4

Action                     |  1- 3 |  4- 6 |  7- 9 | 10-12 | 13-15 | 16-18 | 19-21 | 22-24 | 25-27 || total
---------------------------+-------+-------+-------+-------+-------+-------+-------+-------+-------++-------
  Melee: Unarmed           |    42 |       |       |       |       |       |       |       |       ||    42
         Headbutt          |     7 |    16 |    42 |   148 |   209 |   647 |   748 |   670 |   281 ||  2768
         Dagger            |    28 |   104 |       |       |       |       |       |       |       ||   132
         Hand axe          |       |    17 |    11 |       |       |       |       |       |       ||    28
         Punch             |       |     1 |     3 |       |       |       |       |       |       ||     4
         Staff             |       |       |   241 |   656 |   853 |  2181 |    30 |       |       ||  3961
         Broad axe         |       |       |       |       |       |       |  1204 |  1242 |   622 ||  3068
         Demon whip        |       |       |       |       |       |       |   865 |   843 |   285 ||  1993
   Cast: Animate Armour    |       |       |       |       |       |       |     6 |    10 |     7 ||    23
         Blink             |       |       |       |       |       |       |     1 |       |       ||     1
 Invoke: Potion Petition   |       |       |       |     1 |     1 |       |       |       |       ||     2
         Call Merchant     |       |       |       |       |       |     4 |       |     2 |       ||     6
         Bribe Branch      |       |       |       |       |       |       |       |     1 |     4 ||     5
Ability: Begin Untransform |       |       |       |     1 |       |       |       |       |       ||     1
  Evoke: Wand              |       |       |       |    47 |       |    45 |     8 |     9 |     3 ||   112
         Phantom mirror    |       |       |       |       |       |     2 |       |       |       ||     2
         Phial of floods   |       |       |       |       |       |       |     1 |     1 |       ||     2
    Use: Scroll            |     1 |     5 |    10 |     6 |     7 |     3 |     4 |     7 |     4 ||    47
         Potion            |     1 |       |     1 |     4 |     3 |     3 |     2 |     5 |    12 ||    31
   Stab: Sleeping          |       |     1 |       |       |       |       |       |       |       ||     1
         Paralysed         |       |       |       |    11 |       |       |       |       |       ||    11
         Distracted        |       |       |       |     3 |     9 |    12 |    10 |     9 |     8 ||    51
         Petrified         |       |       |       |       |       |       |       |     4 |       ||     4
         Confused          |       |       |       |       |       |       |       |     1 |       ||     1
 Armour: Animal skin       |    29 |    86 |    60 |       |       |       |       |       |       ||   175
         Skin              |     6 |    13 |       |     6 |     4 |       |       |       |       ||    29
         Robe              |       |       |   123 |   226 |       |       |       |       |       ||   349
         Troll leather arm |       |       |       |    31 |    29 |       |       |       |       ||    60
         Pearl dragon scal |       |       |       |       |   364 |  1315 |   889 |   620 |   270 ||  3458
  Dodge: Dodged            |    20 |    46 |   115 |   123 |   138 |   753 |   532 |   462 |   197 ||  2386
         Repelled          |       |       |       |       |     1 |     5 |     9 |       |       ||    15
  Block: Other             |       |       |    43 |    19 |       |       |       |       |       ||    62
         Kite shield       |       |       |       |   229 |       |       |       |       |       ||   229
         Reflection        |       |       |       |    19 |     3 |       |       |       |       ||    22
         Tower shield      |       |       |       |    66 |   834 |  2221 |  1961 |  1919 |   769 ||  7770

Table legend: (Time is in decaauts)
 A = Elapsed time spent in this place.
 B = Non-inter-level travel time spent in this place.
 C = Inter-level travel time spent in this place.
 D = Time resting spent in this place.
 E = Time spent auto-exploring this place.
 F = Levels seen in this place.
 G = Mean time per level.
                   A        B        C        D        E       F      G
               +--------+--------+--------+--------+--------+-----+--------+
         Total |  58533 |  52686 |   5847 |   4908 |  31747 |  55 | 1064.2 |
       Dungeon |  16591 |  13687 |   2904 |   1663 |   9372 |  15 | 1106.1 |
        Temple |    146 |      1 |    145 |      0 |      0 |   1 |  146.0 |
          Lair |   6014 |   5482 |    532 |     43 |   3911 |   5 | 1202.8 |
        Shoals |   3104 |   2857 |    247 |    334 |    795 |   4 |  776.0 |
   Spider Nest |   4851 |   4668 |    183 |    215 |   2705 |   4 | 1212.8 |
  Orcish Mines |   4118 |   3416 |    702 |    798 |   1774 |   2 | 2059.0 |
   Elven Halls |   3579 |   3319 |    260 |    200 |   2141 |   3 | 1193.0 |
        Vaults |   7712 |   7261 |    451 |    308 |   4608 |   5 | 1542.4 |
        Depths |   5153 |   4948 |    205 |    797 |   2809 |   4 | 1288.2 |
           Zot |   5499 |   5284 |    215 |    364 |   3470 |   5 | 1099.8 |
         Abyss |    445 |    445 |      0 |      0 |      0 |   1 |  445.0 |
        Bazaar |    122 |    122 |      0 |      0 |     95 |   2 |   61.0 |
      Ice Cave |    104 |    104 |      0 |      0 |      0 |   1 |  104.0 |
       Volcano |    203 |    203 |      0 |      0 |      0 |   1 |  203.0 |
        Wizlab |    627 |    627 |      0 |    155 |     67 |   1 |  627.0 |
      Gauntlet |    258 |    258 |      0 |     28 |      0 |   1 |  258.0 |
               +--------+--------+--------+--------+--------+-----+--------+

Top non-repeatable levels by time:
   Orc:2: 2984 daAuts
Depths:3: 2025 daAuts
     D:8: 1790 daAuts
Vaults:1: 1749 daAuts
Vaults:5: 1698 daAuts
Spider:4: 1678 daAuts
Vaults:2: 1566 daAuts
   Zot:3: 1500 daAuts
     D:9: 1484 daAuts
   Elf:1: 1439 daAuts
     D:7: 1433 daAuts
Spider:3: 1404 daAuts
Vaults:4: 1358 daAuts
   Elf:3: 1341 daAuts
Vaults:3: 1340 daAuts
